 Dungeon Crawl Stone Soup version 0.26-b1-32-g5d43845318 (webtiles) character file.

Game seed: 10293665295926713241

137499 scsoc the Severer (level 17, 0/140 HPs)
             Began as a Hill Orc Fighter on Jan 4, 2021.
             Was a High Priest of Beogh.
             Killed from afar by a merfolk aquamancer (61 damage)
             ... with a ball of steam
             ... on level 4 of the Shoals on Jan 5, 2021.
             The game lasted 01:43:51 (23271 turns).

scsoc the Severer (Hill Orc Fighter)               Turns: 23271, Time: 01:43:54

Health: 0/140      AC: 35    Str: 34    XL:     17   Next: 24%
Magic:  18/18      EV:  8    Int: 10    God:    Beogh [*****.]
Gold:   2462       SH: 22    Dex: 10    Spells: 16/16 levels left

rFire    x . .     SeeInvis .   z - +8 hand axe "Qor Fusudghu" {flame, rElec rF- Stlth+}
rCold    + . .     Faith    .   B - +2 kite shield
rNeg     . . .     Spirit   .   f - +2 crystal plate armour of Biss {rPois rCorr Int+4}
rPois    +         Reflect  .   G - +1 helmet
rElec    +         Harm     .   y - +1 cloak
rCorr    +         Rampage  .   p - +1 pair of gloves
Will     +....                  i - +1 pair of boots
Stlth    ..........             k - amulet of regeneration
HPRegen  0.73/turn              a - +6 ring of strength
MPRegen  0.16/turn              K - ring of protection from cold

@: mighty, lethally poisoned (0 -> 0)
A: walk on water, large bone plates 1, blurry vision 2, dopey 1, frail 1, strong
1
a: Renounce Religion, Smiting, Recall Orcish Followers, Give Item to Named
Follower


You were on level 4 of the Shoals.
You worshipped Beogh.
Beogh was extremely pleased with you.
You visited 3 branches of the dungeon, and saw 25 of its levels.
You also visited: Sewer and Ice Cave.

You collected 3335 gold pieces.
You spent 873 gold pieces at shops.

Inventory:

Hand Weapons
 j - the +5 scythe "Plog" {freeze, *Corrode rPois rF+ Will+ SInv}
   (You found it on level 10 of the Dungeon)

   It has been specially enchanted to freeze those struck by it, causing extra
   injury to most foes and up to half again as much damage against particularly
   susceptible opponents.
   It can also slow down cold-blooded creatures.
   It protects you from fire.
   It protects you from poison.
   It affects your willpower, your defense against some magical effects.
   It lets you see invisible.
   It may corrode you when you take damage.
 o - a +9 dire flail of draining
 z - the +8 hand axe "Qor Fusudghu" (weapon) {flame, rElec rF- Stlth+}
   (You found it on level 7 of the Dungeon)

   It has been specially enchanted to burn those struck by it, causing extra
   injury to most foes and up to half again as much damage against particularly
   susceptible opponents.
   Big, fiery blades are also staple armaments of hydra-hunters.
   It makes you vulnerable to fire.
   It insulates you from electricity.
   It makes you more stealthy.
Armour
 f - the +2 crystal plate armour of Biss (worn) {rPois rCorr Int+4}
   (You acquired it on level 5 of the Lair of Beasts)

   It affects your intelligence (+4).
   It protects you from poison.
   It provides partial protection from all sources of acid and corrosion.
 i - a +1 pair of boots (worn)
 p - a +1 pair of gloves (worn)
 y - a +1 cloak (worn)
 B - a +2 kite shield (worn)
 G - a +1 helmet (worn)
 L - a +0 pair of gloves of dexterity
Jewellery
 a - a +6 ring of strength (left hand)
 h - an uncursed ring of poison resistance
 k - an amulet of regeneration (around neck)
 l - an uncursed ring of see invisible
 K - a ring of protection from cold (right hand)
 X - an uncursed ring of protection from fire
Wands
 v - a wand of acid (11)
 x - a wand of flame (74)
 C - a wand of enslavement (14)
 E - a wand of random effects (48)
 F - a wand of polymorph (48)
 H - a wand of disintegration (17)
 I - a wand of digging (23)
 O - a wand of iceblast (30)
 P - a wand of paralysis (5)
Scrolls
 b - 13 scrolls of teleportation
 c - 15 scrolls of remove curse
 e - 15 scrolls of identify
 m - a scroll of blinking
 t - 7 scrolls of magic mapping
 A - 3 scrolls of fear
 N - a scroll of brand weapon
 R - a scroll of holy word
Potions
 d - 6 potions of might
 g - a potion of invisibility
 n - 6 potions of haste
 q - a potion of heal wounds
 r - a potion of magic
 s - 13 potions of curing
 u - 5 potions of cancellation
 w - a potion of berserk rage
 D - 3 potions of resistance
 J - 5 potions of lignification
 M - 4 potions of flight
 Y - a potion of ambrosia


   Skills:
 + Level 15.2 Fighting
 + Level 18.3(18.9) Axes
 + Level 7.2(12.6) Maces & Flails
 + Level 13.8 Armour
 + Level 4.1 Dodging
 + Level 4.8 Stealth
 + Level 18.0 Shields
 + Level 2.2 Invocations
 + Level 2.1 Evocations


You had 16 spell levels left.
You didn't know any spells.
Your spell library contained the following spells:

 Spells                   Type           Power        Failure   Level
 Animate Skeleton         Necr           0%           99%         1
 Apportation              Tloc           0%           99%         1
 Beastly Appendage        Tmut           0%           99%         1
 Corona                   Hex            0%           99%         1
 Pain                     Necr           0%           99%         1
 Shock                    Conj/Air       0%           99%         1
 Summon Small Mammal      Summ           0%           99%         1
 Swiftness                Air            0%           100%        2
 Wereblood                Tmut           0%           100%        2
 Confusing Touch          Hex            0%           100%        3
 Gell's Gravitas          Tloc           0%           100%        3
 Spider Form              Tmut/Pois      0%           100%        3
 Static Discharge         Conj/Air       0%           100%        3
 Vampiric Draining        Necr           0%           100%        3
 Airstrike                Air            0%           100%        4
 Animate Dead             Necr           0%           100%        4
 Ice Form                 Ice/Tmut       0%           100%        4
 Petrify                  Tmut/Erth      0%           100%        4
 Summon Lightning Spire   Summ/Air       0%           100%        4
 Agony                    Necr           0%           100%        5
 Blade Hands              Tmut           0%           100%        5
 Irradiate                Conj/Tmut      0%           100%        5
 Lightning Bolt           Conj/Air       0%           100%        5
 Metabolic Englaciation   Hex/Ice        0%           100%        5
 Silence                  Hex/Air        0%           100%        5
 Yara's Violent Unravell  Hex/Tmut       0%           100%        5
 Conjure Ball Lightning   Conj/Air       0%           100%        6
 Hydra Form               Tmut           0%           100%        6
 Statue Form              Tmut/Erth      0%           100%        6
 Dragon Form              Tmut           0%           100%        7
 Tornado                  Air            0%           100%        9


Dungeon Overview and Level Annotations

Branches:
Dungeon (15/15)            Temple (0/1) D:6            Lair (6/6) D:10
 Shoals (4/4) Lair:4        Snake (0/4) Lair:2        Slime (0/5) Lair:6
    Orc (0/2) D:10         Vaults (0/5) D:13         Depths (0/5) D:15
  Sewer (visited)           IceCv (visited)

Altars:
Elyvilon
Kikubaaqudgha
Qazlal
Ru
Trog
Vehumet
Xom
Yredelemnul
The Shining One
Jiyva

Shops:
D:8 ?   D:11 ?   D:12 *   D:13 ?   Shoals:3 (

Annotations:
Lair:1 exclusion: oklob plant


Innate Abilities, Weirdness & Mutations

You can walk on water.
You are partially covered in large bone plates. (SH +4)
Scrolls take you longer to read.
You are dopey. (Int -2)
You are frail. (-10% HP)
Your muscles are strong. (Str +2)


Message History

Your red devil hops backward while attacking.
Your red devil barely misses the merfolk impaler.
Things that are here:
a +1 vampiric rapier; a +0 robe You feel sick.
Wargrak hits the merfolk aquamancer with the +8 war axe "Lorem Ipsum" {freeze, rN+}!
Wargrak freezes the merfolk aquamancer.
The merfolk aquamancer casts a spell at you.
The torrent of water hits Wargrak!!
Wargrak is knocked back by the torrent of water.
The wave splashes down.
You hear a shout!
The merfolk aquamancer hits Wargrak with a +0 rapier of holy wrath!
You feel sick.
The merfolk aquamancer casts a spell at you.
The ball of steam hits Wargrak!!
The ball of steam hits Dorog.
The ball of steam hits your red devil.
Your red devil resists.
The ball of steam hits you!!! The steam scalds you terribly!
You die...

≈≈.....≈)≈≈†#######..≈≈≈≈≈#
≈≈≈##..≈≈≈≈†##≈≈#.#.≈≈≈≈≈≈#
≈≈≈.≈.≈≈≈≈≈≈≈≈≈≈≈...≈≈≈≈≈≈#
#≈≈≈#≈≈≈≈≈≈≈≈≈≈≈....≈≈≈≈≈≈#
#####≈≈≈≈≈≈≈≈≈≈≈...≈≈≈≈≈≈≈#
##≈≈≈≈≈≈≈≈≈....≈≈≈≈≈≈≈#
##≈≈≈≈≈≈≈≈...≈≈≈≈≈≈≈≈#
##≈≈<≈≈.....≈≈≈≈≈≈≈≈≈#
#≈≈≈≈≈.....@≈≈≈≈≈≈≈≈≈#
##≈≈≈......4≈≈≈≈≈≈≈≈≈#
#≈≈≈≈......o≈≈≈≈≈≈≈≈≈#
###≈≈.......≈§≈≈≈≈≈≈≈≈#
#####≈≈≈≈......≈≈§≈≈≈≈≈≈≈≈#
≈#≈≈≈≈≈≈≈.≈#≈##≈#o)≈≈≈≈≈≈≈#
≈≈≈≈≈≈≈≈≈.#######m≈≈≈≈≈≈≈≈#
≈≈≈≈≈≈≈.### m##≈≈≈≈≈≈≈#
≈≈≈≈≈...#


tCm #≈≈≈≈≈≈≈# You could see the friendly Dorog the orc warlord and a friendly
red devil (summoned).

Vanquished Creatures
  Mara (Shoals:4)
  Rupert (D:13)
  A titan (Shoals:3)
  A kraken (Shoals:2)
  Polyphemus (Shoals:4)
  A cacodemon (D:15)
  A frost giant (Shoals:3)
  2 very ugly things (D:15)
  The ghost of buriedalive the Warrior, a journeyman MiFi of Makhleb (D:15)
  2 blizzard demons (IceCv)
  Josephine (D:10)
  A merfolk impaler (Shoals:3)
  A boulder beetle (D:13)
  An ogre mage (D:15)
  2 merfolk avatars
  5 centaur warriors
  2 catoblepae
  2 merfolk aquamancers (Shoals:4)
  3 hydras
  6 two-headed ogres
  5 death yaks
  8 sea snakes
  A skeletal warrior (D:15)
  A flayed ghost (D:15)
  A glowing orange brain (D:15)
  An orc knight (D:13)
  10 harpies
  An orc sorcerer (D:15)
  8 cyclopes
  10 ugly things
  6 fauns (Shoals:3)
  11 manticores
  2 salamanders (shapeshifter) (D:15)
  5 merfolk sirens
  4 black mambas
  2 ice statues (IceCv)
  2 guardian serpents (shapeshifter)
  5 cane toads
  A centaur skeleton (D:14)
  Maggie (D:9)
  2 gargoyles
  3 water nymphs
  A torpor snail (Lair:4)
  5 komodo dragons
  An efreet (D:14)
  3 rime drakes (Shoals:4)
  11 ice devils (IceCv)
  2 freezing wraiths (Shoals:2)
  An anaconda simulacrum (IceCv)
  6 merfolk
  A queen bee (shapeshifter) (D:15)
  6 trolls
  A guardian mummy (D:15)
  6 meliai (D:13)
  A merfolk (shapeshifter) (D:15)
  A wind drake (shapeshifter) (D:14)
  6 polar bears
  3 hornets (Lair:6)
  7 wind drakes
  10 blink frogs
  Grinder (D:5)
  2 slime creatures (D:14)
  4 snapping turtles
  7 dream sheep
  A meliai zombie (D:14)
  9 spriggans (Lair:6)
  2 shadows
  3 water elementals
  A tarantella (shapeshifter) (D:13)
  5 wyverns
  2 wraiths (D:10)
  24 yaks
  3 basilisks
  A neqoxec (D:15)
  16 humans (D:13)
  2 iron troll simulacra (IceCv)
  3 steam dragons
  4 vampire mosquitoes (D:15)
  Edmund (D:4)
  5 nagas (Lair:2)
  A harpy simulacrum (IceCv)
  4 soldier ants
  An acid dragon (D:15)
  6 hydra simulacra (IceCv)
  6 water moccasins
  A black bear (shapeshifter) (D:14)
  4 orc warriors
  3 sky beasts
  3 ice beasts
  3 phantoms
  8 black bears
  An eye of draining (D:10)
  6 ogres
  4 boggarts (Lair:6)
  10 wolves
  13 centaurs
  Blork the orc (D:4)
  A big kobold (D:12)
  15 bullfrogs
  A wyvern zombie (D:12)
  A gnoll sergeant (D:7)
  A wyvern skeleton (D:14)
  A scorpion (D:7)
  6 killer bees
  4 howler monkeys
  18 wights
  4 electric eels
  2 bullfrog zombies
  3 centaur zombies
  7 hounds
  4 bullfrog skeletons
  3 orc priests
  3 jellies (D:14)
  7 iguanas
  7 worker ants
  8 orc wizards
  A killer bee zombie (D:8)
  3 gnolls (D:7)
  3 river rats (Sewer)
  13 adders
  A shadow imp (D:10)
  2 white imps
  2 ufetubi
  4 oozes
  2 adder skeletons
  6 worms
  3 dart slugs
  A leopard gecko (D:8)
  30 orcs
  4 giant cockroaches
  11 goblins
  5 hobgoblins
  6 jackals (D:4)
  12 kobolds
  5 quokkas
  6 ball pythons
  9 bats
  12 frilled lizards
  A quokka skeleton (D:4)
  39 rats
  4 tentacles (Shoals:2)
650 creatures vanquished.

Vanquished Creatures (collateral kills)
  A caustic shrike zombie (D:15)
  Azrael (D:12)
  A merfolk javelineer (Shoals:2)
  5 merfolk impalers
  4 slime creatures
  2 hydras
  2 boulder beetles
  A death knight (D:12)
  2 two-headed ogres (D:15)
  2 merfolk aquamancers
  2 satyrs (Shoals:3)
  2 death yaks (Lair:5)
  A fire crab (Lair:2)
  A sea snake (Shoals:4)
  3 harpies
  A necromancer (D:15)
  A stone giant zombie (D:15)
  4 ugly things (D:15)
  2 manticores
  2 cyclopes
  9 fauns
  3 merfolk sirens
  A black mamba (Lair:5)
  Psyche (D:8)
  A torpor snail (Lair:4)
  2 water nymphs
  4 cane toads
  A gargoyle (D:12)
  A centaur skeleton (D:14)
  A rime drake (Lair:6)
  2 komodo dragons
  A kobold demonologist (D:14)
  A queen bee (shapeshifter) (D:15)
  A meliai (shapeshifter) (D:15)
  7 merfolk
  3 meliai (D:13)
  A hornet (Lair:6)
  3 polar bears
  A raiju (shapeshifter) (D:15)
  4 wind drakes
  15 blink frogs
  2 snapping turtles
  12 dream sheep
  A water elemental (Shoals:1)
  An ettin skeleton (D:15)
  A spriggan skeleton (D:15)
  5 spriggans (Lair:6)
  12 yaks
  3 wraiths (D:10)
  2 fire elementals (D:12)
  A golden eye (shapeshifter) (Lair:6)
  2 wyverns
  2 steam dragons (Shoals:4)
  A neqoxec (D:15)
  2 nagas (Lair:2)
  An acid dragon (D:15)
  3 hell hounds (D:12)
  4 water moccasins
  4 orc warriors
  2 ice beasts
  A sky beast (D:10)
  3 black bears
  A phantom (D:8)
  A boggart (Lair:6)
  An ogre (D:15)
  16 wolves
  4 centaurs
  4 bullfrogs
  3 scorpions
  2 killer bees (D:10)
  4 wights
  A centaur zombie (D:8)
  A bullfrog zombie (D:12)
  A jelly (Lair:6)
  2 hounds
  An orc priest (D:11)
  An orc wizard (D:10)
  A bullfrog skeleton (D:10)
  2 iguanas (D:11)
  A gnoll (D:7)
  An adder skeleton (D:9)
  2 leopard geckos
  5 orcs
  A kobold (D:14)
  5 bushes (Lair:6)
229 creatures vanquished.

Vanquished Creatures (others)
  An orc warlord (Lair:6)
  An orc high priest (Shoals:4)
  4 orc knights
  A death yak (Shoals:4)
  A polar bear (Lair:2)
  An eye of draining (D:12)
  11 orc warriors
  2 orc priests
  10 orc wizards
  18 orcs
  A bat (D:3)
  2 hobgoblins (D:3)
  A kobold (D:3)
  61 fungi
  124 plants
  2 tentacles (Shoals:2)
  3 withered plants (D:15)
244 creatures vanquished.

Grand Total: 1123 creatures vanquished

Notes
Turn   | Place    | Note
-------+----------+-------------------------------------------
     0 | D:1      | scsoc the Hill Orc Fighter began the quest for the Orb.
     0 | D:1      | Reached XP level 1. HP: 19/19 MP: 1/1
   248 | D:1      | Reached XP level 2. HP: 27/27 MP: 2/2
   383 | D:1      | You fall into a shaft and drop 1 floor!
   391 | D:2      | Reached XP level 3. HP: 33/33 MP: 3/3
  1084 | D:2      | Reached XP level 4. HP: 40/40 MP: 4/4
  1411 | D:2      | Reached skill level 5 in Axes
  1411 | D:2      | Reached XP level 5. HP: 18/46 MP: 5/5
  1609 | D:2      | Gained mutation: You are partially covered in large bone
                  | plates. (SH +4) [potion of mutation]
  1609 | D:2      | Gained mutation: Scrolls take you a little longer to read.
                  | [potion of mutation]
  1609 | D:2      | Gained mutation: Your muscles are strong. (Str +2) [potion
                  | of mutation]
  1636 | D:3      | Found a glowing drain.
  1640 | Sewer    | Entered a sewer
  2099 | D:3      | Became a worshipper of Beogh the Brigand
  2120 | D:3      | Reached XP level 6. HP: 42/53 MP: 6/6
  2147 | D:3      | Found a white marble altar of Elyvilon.
  2304 | D:3      | Noticed an ice beast
  2317 | D:3      | Killed an ice beast
  2444 | D:3      | Reached skill level 5 in Shields
  2444 | D:3      | Reached * piety under Beogh
  2997 | D:4      | Reached XP level 7. HP: 60/60 MP: 7/7
  3050 | D:4      | Found a basalt altar of Yredelemnul.
  3110 | D:4      | Reached ** piety under Beogh
  3174 | D:4      | Found a radiant altar of Vehumet.
  3176 | D:4      | Noticed Edmund
  3191 | D:4      | Killed Edmund
  3199 | D:4      | Reached skill level 5 in Fighting
  3226 | D:4      | Found a shimmering altar of Xom.
  3318 | D:4      | Noticed Blork the orc
  3325 | D:4      | Killed Blork the orc
  3326 | D:4      | Reached XP level 8. HP: 56/68 MP: 8/8
  3767 | D:5      | Entered Level 5 of the Dungeon
  3822 | D:5      | Noticed Grinder
  3827 | D:5      | Paralysed by Grinder for 2 turns
  3837 | D:5      | Reached skill level 1 in Maces & Flails
  3839 | D:5      | Killed Grinder
  3840 | D:5      | Reached skill level 1 in Dodging
  3844 | D:5      | Reached skill level 5 in Armour
  4083 | D:5      | Reached *** piety under Beogh
  4116 | D:5      | Found a sacrificial altar of Ru.
  4300 | D:5      | Found an ancient bone altar of Kikubaaqudgha.
  4813 | D:6      | Reached XP level 9. HP: 69/75 MP: 9/9
  4833 | D:6      | Found a staircase to the Ecumenical Temple.
  4993 | D:6      | Found a glowing golden altar of the Shining One.
  5018 | D:6      | Reached skill level 5 in Maces & Flails
  5789 | D:7      | Got a dazzling hand axe
  5812 | D:7      | Identified the +8 hand axe "Qor Fusudghu" {flame, rElec rF-
                  | Stlth+} (You found it on level 7 of the Dungeon)
  6030 | D:7      | Found a stormy altar of Qazlal.
  6412 | D:8      | Noticed Psyche
  6419 | D:8      | Killed Psyche
  6520 | D:8      | Reached **** piety under Beogh
  6606 | D:8      | Found Koxtun Tuats's Magic Scroll Shoppe.
  6614 | D:8      | Bought a scroll of identify for 30 gold pieces
  6614 | D:8      | Bought a scroll of identify for 30 gold pieces
  6614 | D:8      | Bought a scroll of identify for 30 gold pieces
  6614 | D:8      | Bought a scroll of teleportation for 45 gold pieces
  6751 | D:8      | Found a shimmering altar of Xom.
  7029 | D:9      | Reached XP level 10. HP: 86/86 MP: 10/10
  7139 | D:9      | Noticed Maggie
  7149 | D:9      | Killed Maggie
  7278 | D:9      | Got a slimy war axe
  7297 | D:9      | Got a polished dagger
  7597 | D:9      | Identified the +8 war axe "Lorem Ipsum" {freeze, rN+} (You
                  | found it on level 9 of the Dungeon)
  7599 | D:9      | Identified the cursed +1 dagger of Wykuqo {pain, rElec
                  | Str+3} (You found it on level 9 of the Dungeon)
  7603 | D:10     | Entered Level 10 of the Dungeon
  7607 | D:10     | Found a staircase to the Lair.
  7619 | D:10     | Reached skill level 1 in Stealth
  7632 | D:10     | Reached skill level 10 in Axes
  7642 | D:10     | Noticed Josephine
  7660 | D:10     | Reached ***** piety under Beogh
  7661 | D:10     | Killed Josephine
  7691 | D:10     | Got a transparent scythe
  7723 | D:10     | Reached XP level 11. HP: 93/94 MP: 11/11
  7784 | D:10     | Found a bloodstained altar of Trog.
  7924 | D:10     | Found a staircase to the Orcish Mines.
  8230 | D:10     | Identified the +5 scythe "Plog" {freeze, *Corrode rPois rF+
                  | Will+ SInv} (You found it on level 10 of the Dungeon)
  8494 | D:11     | Found Zimpiod's Magic Scroll Shop.
  8509 | D:11     | Bought a scroll of remove curse for 33 gold pieces
  8626 | D:11     | Got an ivory scythe
  8734 | D:11     | Noticed a manticore
  8744 | D:11     | Killed a manticore
  9100 | D:11     | Identified the cursed +1 scythe of True Grit {vorpal, Will-
                  | Str+3 Dex+5} (You found it on level 11 of the Dungeon)
  9150 | D:12     | Found Hoump's General Store.
  9186 | D:12     | Noticed a purple ugly thing
  9202 | D:12     | Killed a purple ugly thing
  9309 | D:12     | Noticed a cyclops
  9316 | D:12     | Killed a cyclops
  9701 | D:12     | Noticed a death knight
  9713 | D:12     | Killed a death knight
  9714 | D:12     | Reached skill level 10 in Shields
  9819 | D:12     | Noticed a manticore
  9825 | D:12     | Killed a manticore
  9825 | D:12     | Gained Grimold as an ally
  9847 | D:12     | Noticed a boulder beetle
  9856 | D:12     | Killed a boulder beetle
  9890 | D:12     | Noticed a two-headed ogre
  9897 | D:12     | Killed a two-headed ogre
  9898 | D:12     | Reached XP level 12. HP: 104/104 MP: 12/12
  9969 | D:12     | Noticed Azrael
 10019 | D:12     | Your ally Grimold died
 10028 | D:12     | Killed Azrael
 10191 | D:13     | Gained Korbok as an ally
 10194 | D:13     | Your ally Korbok died
 10287 | D:13     | Gained Morbeogh as an ally
 10290 | D:13     | Your ally Morbeogh died
 10522 | D:13     | Reached skill level 10 in Armour
 10646 | D:13     | Reached ****** piety under Beogh
 10751 | D:13     | Noticed a boulder beetle
 10813 | D:13     | Killed a boulder beetle
 10932 | D:13     | Noticed a centaur warrior
 10944 | D:13     | Killed a centaur warrior
 10959 | D:13     | Found Nischiunk's Magic Scroll Shoppe.
 10973 | D:13     | Bought a scroll of enchant armour for 127 gold pieces
 10973 | D:13     | Bought a scroll of remove curse for 51 gold pieces
 10973 | D:13     | Bought a scroll of remove curse for 51 gold pieces
 10973 | D:13     | Bought a scroll of remove curse for 51 gold pieces
 10973 | D:13     | Bought a scroll of identify for 34 gold pieces
 11088 | D:13     | Noticed a centaur warrior
 11089 | D:13     | Found a gate to the Vaults.
 11089 | D:13     | Noticed Rupert
 11090 | D:13     | Noticed a centaur warrior
 11105 | D:13     | Reached skill level 1 in Evocations
 11131 | D:13     | Killed Rupert
 11132 | D:13     | Reached skill level 10 in Fighting
 11133 | D:13     | Killed a centaur warrior
 11134 | D:13     | Reached skill level 1 in Invocations
 11138 | D:13     | Killed a centaur warrior
 11139 | D:13     | Reached XP level 13. HP: 37/113 MP: 13/13
 11445 | D:13     | Gained Wargrak as an ally
 11907 | D:14     | Reached skill level 15 in Axes
 12018 | D:14     | Found a viscous altar of Jiyva.
 12671 | D:15     | Entered Level 15 of the Dungeon
 12679 | D:15     | Gained Dorog as an ally
 12877 | D:15     | Found a runed translucent gate.
 12877 | D:15     | Found a runed translucent gate.
 12879 | D:15     | Found a runed translucent gate.
 12880 | D:15     | Noticed a cyan very ugly thing
 12881 | D:15     | Noticed a purple very ugly thing
 12900 | D:15     | Killed a purple very ugly thing
 12901 | D:15     | Reached XP level 14. HP: 67/124 MP: 14/14
 12901 | D:15     | Killed a cyan very ugly thing
 12987 | D:15     | Found a runed translucent gate.
 12987 | D:15     | Found a runed translucent gate.
 12996 | D:15     | Found a runed translucent gate.
 12996 | D:15     | Noticed buriedalive's ghost (journeyman MiFi)
 12996 | D:15     | Noticed a cacodemon
 13002 | D:15     | Gained mutation: Scrolls take you longer to read. [a
                  | cacodemon]
 13005 | D:15     | Gained mutation: You are dopey. (Int -2) [a neqoxec]
 13007 | D:15     | Gained mutation: You are frail. (-10% HP) [a neqoxec]
 13019 | D:15     | Killed a cacodemon
 13038 | D:15     | Killed buriedalive's ghost
 13130 | D:15     | Found a staircase to the Depths.
 13865 | Lair:1   | Entered Level 1 of the Lair of Beasts
 14857 | Lair:2   | You fall into a shaft and drop 2 floors!
 14862 | Lair:4   | Found a staircase to the Shoals.
 15061 | Lair:4   | Reached XP level 15. HP: 97/120 MP: 15/15
 15084 | Lair:4   | HP: 5/121 [dream sheep[a torpor snail] (28)]
 15256 | Lair:4   | Got a masterwork falchion
 16358 | Lair:2   | Found a staircase to the Snake Pit.
 16709 | Lair:5   | Reached skill level 15 in Shields
 17425 | Lair:5   | Identified the cursed +1 falchion of Bloodstone {vorpal,
                  | rC+} (You found it on level 4 of the Lair of Beasts)
 17454 | Lair:5   | Identified a scroll of acquirement
 17476 | Lair:5   | Acquired the +2 crystal plate armour of Biss {rPois rCorr
                  | Int+4}
 17495 | Lair:6   | Entered Level 6 of the Lair of Beasts
 17515 | Lair:6   | Found a staircase to the Slime Pits.
 17738 | Lair:6   | Your ally Dorog died
 18473 | Shoals:1 | Entered Level 1 of the Shoals
 19532 | Shoals:2 | Got a dazzling chain mail
 19554 | Shoals:2 | Reached XP level 16. HP: 119/131 MP: 17/17
 19744 | Shoals:2 | Noticed a kraken
 19761 | Shoals:2 | Killed a kraken
 19906 | Shoals:2 | Found a frozen archway.
 20084 | IceCv    | Entered an ice cave
 20604 | IceCv    | Identified the +2 chain mail "Itiloagh" {rC++ Str+5 Slay+2}
                  | (You found it on level 2 of the Shoals)
 20614 | IceCv    | Acquired 807 gold pieces
 21167 | Shoals:3 | Noticed a titan
 21179 | Shoals:3 | Killed a titan
 21470 | Shoals:3 | Found Tagh's Antique Weapon Shoppe.
 21484 | Shoals:3 | Bought a buzzing battleaxe for 391 gold pieces
 22365 | Shoals:3 | Identified the +1 battleaxe of Light {vorpal, rN+ Dex+6}
                  | (You bought it in a shop on level 3 of the Shoals)
 22370 | Shoals:4 | Entered Level 4 of the Shoals
 22464 | Shoals:4 | Noticed Mara
 22494 | Shoals:4 | Killed Mara
 22943 | Shoals:4 | Reached XP level 17. HP: 138/138 MP: 18/18
 22950 | Shoals:4 | Reached skill level 15 in Fighting
 23073 | Shoals:4 | Noticed Polyphemus
 23104 | Shoals:4 | Killed Polyphemus
 23115 | Shoals:4 | Your ally Wargrak died
 23271 | Shoals:4 | Killed from afar by a merfolk aquamancer

Illustrated notes

Levels and vault maps discovered:
D:1:      dpeg_arrival_simpleton_c, layout_basic, serial_bayou_lagoon_b
D:2:      layout_basic, nrook_loot_triangle, minmay_tetromino_i2
D:3:      layout_loops_corners, lemuel_round_altar, gup_sewer_entry_bowl
D:4:      layout_basic, yredelemnul_altar_generic, grunt_temple_overflow_open,
          minmay_rat_hole, uniq_blork_the_orc, uniq_edmund
D:5:      layout_loops_corners, lemuel_crystal_altar, nicolae_ru_path_of_blood,
          uniq_grinder
D:6:      layout_basic, kennysheep_little_box, minmay_temple_entry_overgrown
D:7:      layout_basic, grunt_qazlal_clouds
D:8:      layout_basic, serial_shops, nicolae_shop_crystal,
          minmay_misc_feat_pillars, xom_teletrap_fun, uniq_psyche
D:9:      layout_stronghold, uniq_maggie
D:10:     layout_rooms, due_lair_maze_entry_diamond, david_orc_4, bloody_trog,
          uniq_josephine
D:11:     layout_layer_cave, serial_shops, shop_coins
D:12:     minmay_polygon_palace, layout_loops_ring, serial_shops, shop,
          uniq_azrael
D:13:     layout_basic, david_vaults_3, serial_shops, shop_fountains
D:14:     layout_gridville, amcnicky_mini_pool_small, jiyva_altar_1
D:15:     gammafunk_depths_entry_grave, layout_small_grid,
          ploomutoo_gammafunk_ghost_potion_laboratory
Lair:1:   layout_hall_layers, minmay_lair_oklob_chamber
Lair:2:   layout_roguey, minmay_snake_entry_guardpost_large,
          infiniplex_staircase_pool
Lair:3:   layout_chaotic_city, grunt_megastairs_5
Lair:4:   layout_misc_corridors, minmay_shoals_entry_centaurs
Lair:5:   layout_big_grid, serial_bayou_shore_a, infiniplex_staircase_pool_2,
          grunt_megastairs_4
Lair:6:   minmay_lair_end_enchanted_forest, layout_big_grid,
          minmay_slime_entry_pillars, minmay_hedge_maze
Shoals:1: layout_shoals
Shoals:2: layout_shoals, portal_ice_cave_entry_frozen_things,
          nicolae_shoals_loop_pool
Shoals:3: layout_shoals, serial_shops, shop, st_sunken_temple
Shoals:4: shoals_end_grunt_ice, layout_shoals, nicolae_shoals_drake_roost,
          uniq_mara, uniq_kirke, uniq_polyphemus

Skill      XL: |  1  2  3  4  5  6  7  8  9 10 11 12 13 14 15 16 17 |
---------------+----------------------------------------------------+-----
Shields        | 4 5 6 8 10 11 13 14 16 17 18 | 18.0
Axes           | 3 5 6 7 8 9 11 12 14 15 16 17 18 | 18.3
Fighting       | 4 5 7 9 10 11 12 14 15 | 15.2
Armour         | 4 5 7 8 9 10 11 12 13 | 13.8
Maces & Flails | 4 7 |  7.2
Dodging        | 1 2 3 4 |  4.1
Stealth        | 1 2 3 4 |  4.8
Evocations     | 2 |  2.1
Invocations    | 1 2 |  2.2

Action                   |  1- 3 |  4- 6 |  7- 9 | 10-12 | 13-15 | 16-18 || total
-------------------------+-------+-------+-------+-------+-------+-------++-------
Melee: War axe           |   113 |   224 |    71 |       |       |       ||   408
       Dire flail        |       |       |   123 |       |       |       ||   123
       Hand axe          |       |       |    68 |   458 |   998 |   562 ||  2086
Invok: Convert to Beogh  |       |     1 |       |       |       |       ||     1
       Recall Orcish Fol |       |       |       |     3 |     3 |     2 ||     8
       Give Item to Name |       |       |       |     1 |     2 |       ||     3
       Smiting           |       |       |       |     1 |       |       ||     1
       Resurrection      |       |       |       |       |     1 |     1 ||     2
Evoke: Wand              |       |       |       |     4 |       |       ||     4
  Use: Scroll            |     4 |     5 |     3 |    10 |    15 |     6 ||    43
       Potion            |     3 |     3 |     5 |     8 |    12 |     4 ||    35
 Stab: Distracted        |       |       |       |     4 |     9 |     3 ||    16
       Invisible         |       |       |       |       |     1 |       ||     1
       Petrified         |       |       |       |       |       |     1 ||     1
Armor: Scale mail        |    78 |    79 |       |       |       |       ||   157
       Chain mail        |       |     1 |   104 |    26 |   147 |       ||   278
       Plate armour      |       |       |       |    88 |     4 |       ||    92
       Skin              |       |       |       |       |    23 |       ||    23
       Crystal plate arm |       |       |       |       |   119 |   206 ||   325
Dodge: Dodged            |    40 |    40 |    80 |    58 |   156 |    58 ||   432
Block: Kite shield       |    79 |   131 |   104 |   338 |   650 |   423 ||  1725
       Other             |       |       |    31 |       |       |       ||    31
